AoeStats
← 化劲省二

Black Forest

504402136Analyzed
1v1 RM · 28d ago on Sep 5, 2026· 12m 59s· 2 players
Game mode
Random Map
Map size
Tiny (2 player)
Population
200
Speed
Normal
Resources
Standard
Victory
Conquest
Starting age
Dark Age
Ending age
Imperial Age
RankedLock teamsTeams togetherTeam positionsShared explorationLock speedFull tech treeHidden civsTurbo modeCheats
Victory
Defeat
🇦🇺 Koreans · Australia
1218
+37
🇨🇳 Khitans · China
1208
-16
化劲省二
4:09 Loom
11:49 Feudal Age
altrnate15
5:51 Loom
8:27 Feudal Age
8:53 Double-Bit Axe
11:16 Horse Collar
12:08 Town Watch
13:43 Wheelbarrow
Connection lost

Rejoining the realm…

Still unreachable

The connection could not be restored.

Session expired

The server has moved on; the page needs a fresh start.